 Dungeon Crawl Stone Soup version 0.18-a0-1109-gfc003ac (webtiles) character file.

62 4thArraOfDagon the Unweaver (level 3, 0/29 HPs)
             Began as a Demonspawn Abyssal Knight on Jan 16, 2016.
             Was a Follower of Lugonu.
             Slain by an ogre
             ... wielding a +0 giant club
              (16 damage)
             ... on level 4 of the Dungeon.
             The game lasted 00:03:34 (614 turns).

4thArraOfDagon the Unweaver (DsAK)                   Turns: 614, Time: 00:03:35

Health: 0/29       AC: 11    Str: 13    XL:     3   Next: 85%
Magic:  0/5        EV:  9    Int: 13    God:    Lugonu [*.....]
Gold:   73         SH:  0    Dex: 12    Spells: 0 memorised, 2 levels left

rFire  . . .     SeeInvis .     a - +1 falchion
rCold  . . .     Gourm    .     e - +0 scale mail
rNeg   . . .     Faith    .     (no shield)
rPois  .         Spirit   +     (no helmet)
rElec  .         Dismiss  .     (no cloak)
rCorr  .         Reflect  .     (no gloves)
SustAt .         Harm     .     (no boots)
MR     .....                    (no amulet)
Stlth  ..........               (no ring)
                                h - +5 ring of protection

@: very slightly contaminated, hasted, very quick, not resistant to hostile
enchantments, extremely unstealthy
A: powered by pain 1, magic shield
a: Depart the Abyss, Renounce Religion


You were on level 4 of the Dungeon.
You worshipped Lugonu.
Lugonu was aware of your devotion.
You were not hungry.

You visited 1 branch of the dungeon, and saw 4 of its levels.
You visited the Abyss 1 time.

You collected 73 gold pieces.

Inventory:

Hand Weapons
 a - a +1 falchion (weapon)
 f - a cursed -2 mace
Armour
 e - a +0 scale mail (worn)
Jewellery
 h - a +5 ring of protection (left hand)
Potions
 b - a potion of magic
 k - a potion of flight
Comestibles
 c - 2 bread rations
 i - 6 chunks of flesh
 j - a meat ration


   Skills:
 + Level 3.3 Fighting
 * Level 2.8 Long Blades
 + Level 2.1 Armour
 - Level 0.8 Dodging
 + Level 3.4 Invocations


You had 2 spell levels left.
You didn't know any spells.

Dungeon Overview and Level Annotations

Branches:
Dungeon (4/15)
 Temple: D:4-7

Altars:
Cheibriados


Innate Abilities, Weirdness & Mutations

You sometimes gain a little power by taking damage.
When hurt, damage is shared between your health and your magic reserves.


Message History

l - a potion of haste The ogre hits you with a giant club!
Drink which item? (? for menu, Esc to quit)
You feel yourself speed up.
You are very lightly contaminated with residual magic.
Unknown command.
Read which item? (? for menu, Esc to quit)
Identify which item? (\ to view known items) (? for menu, Esc to quit)
As you read the scroll of identify, it crumbles to dust.
k - a potion of flight Drink which item? (? for menu, Esc to quit)
It was a potion of heal wounds.
You feel much better.
You completely miss the ogre. The ogre hits you with a giant club!
You hit the ogre.
The ogre is lightly wounded.
You hit the ogre.
The ogre is moderately wounded.
The ogre hits you with a giant club!!
Ouch! That really hurt!
You die...

##....#.#.....
##.###.# ...
#..##.# # #..#..#
##..#.## ##...#.#
#######....#.#
#..........#.#
#..........@.#
#..........O## ##
#...........# .#
#...........# .#
######.[....# .#
#......# ###.###.##
#......###.........
#...†......#..#$###
#......######.#


You could see an ogre.

Vanquished Creatures
  A worker ant (D:4)
  An adder (D:2)
  An adder skeleton (D:4)
  2 giant geckos (D:2)
  5 orcs (D:3)
  2 hobgoblins (D:2)
  5 kobolds
  2 bats
  2 giant newts (D:4)
21 creatures vanquished.

Notes
Turn   | Place    | Note
--------------------------------------------------------------
     0 | Abyss:1  | 4thArraOfDagon the Demonspawn Abyssal Knight began the quest for the Orb.
     0 | Abyss:1  | Reached XP level 1. HP: 18/18 MP: 2/2
    32 | Abyss:1  | Noticed an orange demon
    65 | Abyss:1  | Noticed a hellwing
    65 | D:1      | Escaped the Abyss
   106 | D:1      | pipel: foas may be fun too. It provides quick start but then you usually die unfortunately
   118 | D:2      | pipel: when you just dig and then curare strong monsters
   128 | D:2      | Gained mutation: You sometimes gain a little power by taking damage. [demonic ancestry]
   128 | D:2      | Reached XP level 2. HP: 4/24 MP: 4/4
   139 | D:2      | HP: 1/24 [poisoned by an adder]
   413 | D:3      | Reached * piety under Lugonu
   415 | D:3      | Found a snail-covered altar of Cheibriados.
   457 | D:3      | Gained mutation: When hurt, damage is shared between your health and your magic reserves. [demonic ancestry]
   457 | D:3      | Reached XP level 3. HP: 24/29 MP: 5/5
   593 | D:4      | Noticed an ogre
   614 | D:4      | Slain by an ogre

Vault maps used:
D:1:      dpeg_arrival_arbitrary_b
D:2:      first_bread, guppyfry_early_lair_pool
D:3:      cheibriados_altar_1
D:4:      lightli_temple_of_fire, trog_butcher_becter

Action                   || total
-------------------------++-------
Melee: Falchion          ||    78
Invok: Depart the Abyss  ||     1
  Use: Scroll            ||     3
       Potion            ||     2
